 Dungeon Crawl Stone Soup version 0.19.1 (webtiles) character file.

132 Lilleppy the Chopper (level 4, 0/34 HPs)
             Began as a Demonspawn Gladiator on Dec 12, 2016.
             Was a Follower of Fedhas.
             Slain by a gnoll
             ... wielding a +0 halberd
              (4 damage)
             ... on level 3 of the Dungeon.
             The game lasted 00:04:55 (1737 turns).

Lilleppy the Chopper (Demonspawn Gladiator)         Turns: 1737, Time: 00:04:57

Health: 0/34       AC:  6    Str: 15    XL:     4   Next: 92%
Magic:  4/4        EV: 10    Int:  9    God:    Fedhas [*.....]
Gold:   122        SH:  7    Dex: 15    Spells: 0 memorised, 3 levels left

rFire  . . .     SeeInvis .     s - +1 spear (pain)
rCold  . . .     Gourm    .     t - +0 ring mail
rNeg   . . .     Faith    .     f - +0 shield
rPois  .         Spirit   .     (helmet restricted)
rElec  .         Reflect  .     (no cloak)
rCorr  .         Harm     .     p - +0 pair of gloves
MR     +....                    (no boots)
Stlth  ++........               (no amulet)
                                (no ring)
                                o - ring of protection from magic

@: no status effects
A: antennae 1, nightstalker 1, sturdy frame 1
a: Fungal Bloom, Evolution, Renounce Religion


You were on level 3 of the Dungeon.
You worshipped Fedhas.
Fedhas was aware of your devotion.
You were not hungry.

You visited 1 branch of the dungeon, and saw 3 of its levels.

You collected 122 gold pieces.

Inventory:

Hand Weapons
 a - a +0 war axe
 s - a +1 spear of pain (weapon)
Missiles
 b - 8 tomahawks of returning
 d - 3 throwing nets (quivered)
Armour
 c - a +0 helmet
 f - a +0 shield (worn)
 p - a +0 pair of gloves (worn)
 t - a +0 ring mail (worn)
Jewellery
 o - a ring of protection from magic (left hand)
Scrolls
 e - 3 scrolls of blinking {unknown}
 h - 2 scrolls of remove curse {unknown}
 l - a scroll of amnesia {unknown}
 m - a scroll of teleportation {unknown}
 r - 2 scrolls of identify {unknown}
Potions
 g - 3 potions of heal wounds {unknown}
 i - a potion of agility {unknown}
 j - a potion of might {unknown}
 n - a potion of curing {unknown}
 q - a potion of lignification {unknown}
 u - a potion of brilliance {unknown}
Comestibles
 k - 2 meat rations


   Skills:
 + Level 2.5 Fighting
 + Level 3.7(3.8) Axes
 + Level 1.2(2.6) Polearms
 + Level 1.8 Throwing
 + Level 1.2 Armour
 + Level 3.3 Dodging
 + Level 0.2 Stealth
 + Level 0.1 Shields


You had 3 spell levels left.
You didn't know any spells.

Dungeon Overview and Level Annotations

Branches:
Dungeon (3/15)

Altars:
Fedhas
Hepliaklqana


Innate Abilities, Weirdness & Mutations

You have a pair of small antennae on your head.
You are slightly more attuned to the shadows.
Your movements are slightly less encumbered by armour. (ER -2)


Message History

You start resting.
A gnoll comes into view. It is wielding a halberd.
The gnoll shouts!
You hear a shout! x3
The gnoll throws a throwing net.
You block the throwing net.
You see here a throwing net.
You block the gnoll's attack.
A gnoll comes into view. It is wielding a halberd.
The gnoll closely misses you.
The gnoll moves out of view.
You hit the gnoll.
The gnoll is lightly wounded.
The gnoll hits you with a halberd!
* * * LOW HITPOINT WARNING * * *
A gnoll comes into view. It is wielding a halberd.
You hit the gnoll.
The gnoll is moderately wounded.
The gnoll hits you from afar with a halberd.
* * * LOW HITPOINT WARNING * * *
The gnoll hits you with a halberd.
You die...
Fedhas appreciates your contribution to the ecosystem.

#.# #......PPP.....#.#.# #..#
##.#####.##########.###.#.###..##
............รท....................
##.#####.##########.#.#.#.###..##
##.#..................#.#.# #....
##.#.###.#########..#.#.#.####.##
.................g........<......
##.#.###.#(###.#g#....#.#.##.#.##
##.#.# #<#.# #.#@#.#..#.#.##.....
...#.#####.# #.#.#.#..#.#.#######
####.......# #.#(#.#....#.#######
# ######### #.#.#.##.#.#........
#.#.#.##.#.#........
#.#.#.##.#.#......PP
########.#.#.# .......)
#..........# ........ #..........#
........


You could see 2 gnolls.

Vanquished Creatures
  Terence (D:2)
  An iguana (D:3)
  Ijyb (D:3)
  An adder (D:2)
  4 dart slugs
  A leopard gecko (D:1)
  An orc (D:3)
  A giant cockroach (D:2)
  3 hobgoblins
  4 kobolds
  3 bats
  2 frilled lizards
  14 goblins
  4 rats
41 creatures vanquished.

Vanquished Creatures (others)
  19 toadstools (D:3)
19 creatures vanquished.

Grand Total: 60 creatures vanquished

Notes
Turn   | Place    | Note
-------+----------+-------------------------------------------
     0 | D:1      | Lilleppy the Demonspawn Gladiator began the quest for the Orb.
     0 | D:1      | Reached XP level 1. HP: 16/16 MP: 1/1
   341 | D:1      | Gained mutation: Your movements are slightly less encumbered by armour. (ER -2) [demonic ancestry]
   341 | D:1      | Reached XP level 2. HP: 17/22 MP: 2/2
   787 | D:2      | Gained mutation: You are slightly more attuned to the shadows. [demonic ancestry]
   787 | D:2      | Reached XP level 3. HP: 21/27 MP: 3/3
  1097 | D:2      | Found a blossoming altar of Fedhas.
  1098 | D:2      | Found a hazy altar of Hepliaklqana.
  1112 | D:2      | Became a worshipper of Fedhas Madash
  1115 | D:2      | Noticed Terence
  1130 | D:2      | Killed Terence
  1130 | D:2      | Gained mutation: You have a pair of small antennae on your head. [demonic ancestry]
  1130 | D:2      | Reached XP level 4. HP: 29/34 MP: 4/4
  1495 | D:3      | Reached skill level 1 in Armour
  1692 | D:3      | Noticed Ijyb
  1713 | D:3      | Killed Ijyb
  1713 | D:3      | Reached skill level 1 in Polearms
  1722 | D:3      | Reached * piety under Fedhas
  1737 | D:3      | Slain by a gnoll

Skill      XL: |  1  2  3  4 |
---------------+-------------+-----
Axes           | 3 |  3.7
Dodging        | 3 |  3.3
Armour         | 1 |  1.2
Polearms       | 1 |  1.2
Fighting       | |  2.5
Throwing       | |  1.8
Stealth        | |  0.2
Shields        | |  0.1

Action                   |  1- 3 |  4- 6 || total
-------------------------+-------+-------++-------
Melee: War axe           |    88 |       ||    88
       Spear             |    16 |    58 ||    74
Invok: Fungal Bloom      |       |     8 ||     8
 Stab: Sleeping          |     1 |       ||     1
  Eat: Bread ration      |       |     1 ||     1
Armor: Leather armour    |    33 |       ||    33
       Ring mail         |     3 |    26 ||    29
Dodge: Dodged            |    82 |    36 ||   118
Block: Shield            |       |    21 ||    21
